AoeStats
← ChenH

Arena

509376635Analyzed
4v4 RM · 7d ago on Sep 26, 2026· 37m 32s· 8 players
Game mode
Random Map
Map size
Large (8 player)
Population
200
Speed
Normal
Resources
Standard
Victory
Conquest
Starting age
Dark Age
Ending age
Imperial Age
RankedLock teamsTeams togetherTeam positionsShared explorationLock speedFull tech treeHidden civsTurbo modeCheats
Victory
Defeat
🇮🇹 Gurjaras · Italy
1262
+16
🇺🇿 Saxons · Uzbekistan
1259
+16
🇹🇼 Franks · Taiwan
1245
+16
🇭🇰 Inca · Hong Kong SAR China
1229
+17
🇨🇳 Teutons · China
1379
-21
🇨🇳 Persians · China
1320
-19
🇺🇸 Britons · United States
1196
-14
🇨🇳 Japanese · China
1117
-11
北九州最強ACE
10:13 Feudal Age
11:37 Town Watch
14:40 Castle Age
12:48 Double-Bit Axe
13:43 Horse Collar
14:07 Stone Mining
15:09 Loom
15:54 Bow Saw
19:58 Heavy Plow
23:10 Scale Mail Armor
24:12 Chain Mail Armor
28:01 Gold Mining
29:12 Forging
34:12 Wheelbarrow
35:39 Hand Cart
time0wner
9:05 Feudal Age
10:30 Loom
10:42 Loom
13:00 Castle Age
21:20 Double-Bit Axe
26:46 Bow Saw
29:55 Horse Collar
31:30 Wheelbarrow
31:35 Gold Mining
36:50 Imperial Age
34:51 Hand Cart
35:29 Padded Archer Armor
35:19 Fletching
37:15 Ballistics
37:11 Leather Archer Armor
36:51 Bodkin Arrow
36:59 Elite Elephant Archer
37:56 Stone Mining
BøM_從小不缺鮑魚
10:29 Feudal Age
11:07 Double-Bit Axe
14:15 Castle Age
12:26 Gold Mining
15:46 Bow Saw
20:51 Wheelbarrow
21:55 Hand Cart
23:55 Gold Shaft Mining
24:02 Stone Mining
28:40 Imperial Age
26:20 Husbandry
26:35 Forging
26:30 Scale Barding Armor
28:04 Iron Casting
28:52 Chain Barding Armor
28:48 Loom
29:34 Cavalier
30:57 Plate Barding Armor
31:23 Blast Furnace
31:46 Chemistry
31:07 Ballistics
31:30 Chivalry
31:00 Paladin
32:26 Siege Engineers
34:54 Fletching
37:57 Caravan
karbid
10:07 Feudal Age
13:58 Castle Age
14:08 Double-Bit Axe
14:07 Horse Collar
18:07 Loom
21:20 Wheelbarrow
26:49 Hand Cart
26:36 Heavy Plow
26:49 Bow Saw
29:25 Imperial Age
27:06 Squires
26:52 Arson
26:53 Gambesons
27:04 Town Watch
27:20 Gold Mining
28:44 Gold Shaft Mining
28:34 Pikeman
29:50 Forging
29:41 Scale Mail Armor
29:27 Elite Varangian Guard
29:30 Shield Wall
30:08 Capped Ram
31:46 Iron Casting
30:53 Halberdier
32:49 Chain Mail Armor
32:56 Caravan
33:02 Siege Ram
36:20 Plate Mail Armor
37:49 Crop Rotation
38:24 Two-Man Saw
38:17 Conscription
38:34 Hoardings
Wen俊
12:30 Feudal Age
13:28 Double-Bit Axe
18:59 Castle Age
17:26 Horse Collar
19:39 Wheelbarrow
20:16 Bow Saw
28:19 Stone Mining
28:23 Treadmill Crane
28:44 Loom
30:15 Hand Cart
34:06 Imperial Age
32:29 Forging
32:20 Scale Mail Armor
33:14 Gold Mining
32:48 Man-at-Arms
33:14 Gambesons
34:06 Iron Casting
33:37 Scale Barding Armor
33:49 Yasama
34:24 Chain Mail Armor
34:03 Guard Tower
34:27 Masonry
34:28 Fortified Wall
34:58 Gold Shaft Mining
33:47 Long Swordsman
35:09 Elite Samurai
37:14 Two-Man Saw
36:17 Heavy Plow
37:06 Hoardings
36:34 Two-Handed Swordsman
38:18 Blast Furnace
37:49 Plate Mail Armor
ChenH
11:12 Feudal Age
12:18 Horse Collar
12:26 Double-Bit Axe
19:26 Castle Age
23:17 Fletching
23:53 Padded Archer Armor
27:30 Bodkin Arrow
27:55 Bow Saw
28:10 Heavy Plow
31:17 Leather Archer Armor
33:15 Gold Mining
见不久好
5:30 Loom
8:51 Feudal Age
23:36 Castle Age
22:18 Double-Bit Axe
25:10 Bow Saw
33:13 Imperial Age
31:53 Pikeman
32:33 Squires
32:56 Forging
dy小妖
11:49 Feudal Age
13:12 Double-Bit Axe
15:36 Castle Age
13:42 Horse Collar
16:38 Bow Saw
18:10 Heavy Plow
23:23 Wheelbarrow
23:04 Gold Mining
23:51 Fletching
24:17 Loom
26:30 Hand Cart
27:42 Gold Shaft Mining
27:14 Stone Mining
28:11 Town Watch
29:10 Stone Shaft Mining
31:53 Imperial Age
29:30 Scale Barding Armor
30:14 Husbandry
30:25 Bloodlines
30:52 Chain Barding Armor
31:03 Forging
31:33 Elite War Elephant
32:51 Plate Barding Armor
34:49 Iron Casting
Connection lost

Rejoining the realm…

Still unreachable

The connection could not be restored.

Session expired

The server has moved on; the page needs a fresh start.